 Dungeon Crawl Stone Soup version 0.32-a0-411-g744942f433 (webtiles) character file.

Game seed: 2502291984019990803

1804238 ragingrage the Blood Saint (level 26, 213/213 HPs)
             Began as a Demonspawn Shapeshifter on Feb 21, 2024.
             Was the Champion of Yredelemnul.
             Escaped with the Orb
             ... and 3 runes!
             The game lasted 02:06:30 (60584 turns).

ragingrage the Blood Saint (DsSh)                  Turns: 60584, Time: 02:06:31

Health: 213/213    AC: 28    Str: 19      XL:     26   Next: 89%
Magic:  45/45      EV: 33    Int: 10 (13) God:    Yredelemnul [******]
Gold:   2872       SH: 23    Dex: 27      Spells: 14/25 levels left

rFire   + +          .
                       - Unarmed
rCold   + + .        U - +3 buckler {rC+ rF+}
rNeg    . . .        I - +5 moon troll leather armour {Spirit, Regen++ MP+5}
rPois   +            m - +2 helmet
rElec   +            d - +2 cloak {rPois}
rCorr   +            (gloves unavailable)
SInv    +            W - +2 pair of boots "Ziph" {Will+ Int+3}
Will    ++++.        Q - amulet "Leuczi" {*Slow rElec Will++ Regen+ rCorr}
Stlth   +++          N - ring of Tuysed {EV+5 Dex+6}
HPRegen 2.95/turn    l - ring "Qamez" {rElec rF+ rC+ SInv}
MPRegen 0.29/turn

%: slow self (1%), guardian spirit
@: wreathed by umbra, studying Staves
A: claws 3, large bone plates 2, icemail 2, powered by death 3, condensation
shield, corrupting presence 2, word of chaos, talons 2, camouflage 1, agile 1,
dopey 1, electricity resistance, wild magic 1, no potion heal 1
0: Orb of Zot
}: 3/15 runes: decaying, abyssal, gossamer
a: Word of Chaos, Renounce Religion, Light the Black Torch, Recall Undead
Harvest, Hurl Torchlight, Bind Soul, Fathomless Shackles


You escaped.
You worshipped Yredelemnul.
Yredelemnul was exalted by your worship.
You visited 9 branches of the dungeon, and saw 46 of its levels.
You visited the Abyss 2 times.
You also visited: Gauntlet, Ice Cave and Desolation.

You collected 6523 gold pieces.
You spent 3651 gold pieces at shops.

Inventory:

Missiles
 n - 6 throwing nets
 p - 10 javelins
 s - 17 curare-tipped darts
 y - 13 boomerangs (quivered)
 X - 11 silver javelins
Armour
 d - a +2 cloak of poison resistance (worn)
 m - a +2 helmet (worn)
 I - the +5 moon troll leather armour (worn) {Spirit, Regen++ MP+5}
   (You found it on level 5 of the Lair of Beasts)

   MP+5:      It affects your magic capacity (+5).
   Regen++:   It increases your rate of health regeneration.
 U - a +3 buckler of resistance (worn)
 W - the +2 pair of boots "Ziph" (worn) {Will+ Int+3}
   (You found it in a Gauntlet)

   Int+3:     It affects your intelligence (+3).
   Will+:     It increases your willpower.
Jewellery
 c - the ring "Tuhanim" {rPois rF++}
   (You bought it in a shop on level 2 of the Orcish Mines)

   [ring of poison resistance]

   rF++:      It greatly protects you from fire.
   rPois:     It protects you from poison
 l - the ring "Qamez" (right claw) {rElec rF+ rC+ SInv}
   (You took it off a deep elf demonologist on level 3 of the Elven Halls)

   [ring of see invisible]

   rF+:       It protects you from fire.
   rC+:       It protects you from cold.
   rElec:     It insulates you from electricity.
   SInv:      It lets you see invisible.
 L - a +4 ring of slaying
 N - the ring of Tuysed (left claw) {EV+5 Dex+6}
   (You took it off a deep elf high priest on level 3 of the Elven Halls)

   [ring of evasion]

   EV+5:      It affects your evasion (+5).
   Dex+6:     It affects your dexterity (+6).
 Q - the amulet "Leuczi" (around neck) {*Slow rElec Will++ Regen+ rCorr}
   (You found it on level 2 of the Vaults)

   [amulet of regeneration]

   rElec:     It insulates you from electricity.
   Will++:    It greatly increases your willpower.
   Regen+:    It increases your rate of health regeneration.
   rCorr:     It protects you from acid and corrosion.
   *Slow:     It may slow you when you take damage.
Wands
 t - a wand of light (32)
 u - a wand of roots (42)
 B - a wand of flame (74)
 H - a wand of charming (63)
 P - a wand of digging (15)
Scrolls
 g - 5 scrolls of revelation
 j - 15 scrolls of noise
 v - 6 scrolls of poison
 x - 4 scrolls of immolation
 z - 12 scrolls of teleportation
 D - 3 scrolls of butterflies
 E - 8 scrolls of vulnerability
 M - 4 scrolls of silence
 O - 5 scrolls of fear
 S - 8 scrolls of fog
 V - 7 scrolls of blinking
Potions
 b - 3 potions of lignification
 e - 10 potions of ambrosia
 h - 4 potions of mutation
 i - 17 potions of curing
 k - 11 potions of brilliance
 q - 8 potions of haste
 r - 4 potions of invisibility
 w - 2 potions of cancellation
 A - 2 potions of resistance
 C - 10 potions of might
 J - 9 potions of enlightenment
 K - 6 potions of heal wounds
 R - 3 potions of berserk rage
 Y - 2 potions of magic
 Z - 5 potions of attraction
Miscellaneous
 a - a phantom mirror
 f - a box of beasts
 o - a lightning rod (4/4)
 F - a condenser vane
 T - a phial of floods


   Skills:
 + Level 18.9 Fighting
 - Level 16.0 Throwing
 - Level 11.0 Armour
 - Level 16.7 Dodging
 + Level 7.0 Stealth
 - Level 15.2 Shields
 + Level 20.5 Unarmed Combat
 - Level 11.0 Necromancy
 - Level 5.0 Translocations
 + Level 6.8 Earth Magic
 O Level 27 Invocations
 - Level 15.0 Evocations
 - Level 2.6 Shapeshifting


You had 14 spell levels left.
You knew the following spells:

 Your Spells              Type           Power      Damage    Failure   Level
a - Fugue of the Fallen   Necr           28%        N/A       3%          3
b - Blink                 Tloc           26%        N/A       14%         2
c - Borgnjor's Vile Clut  Necr/Erth      11%        N/A       43%         5
d - Apportation           Tloc           26%        N/A       10%         1

Your spell library contained the following spells:

 Spells                   Type           Power      Damage    Failure   Level
 Necrotise                Necr           100%       1d9       1%          1
 Sublimation of Blood     Necr           28%        N/A       1%          2
 Vampiric Draining        Necr           28%        2d8       3%          3
 Sandblast                Erth           34%        2d9       5%          1
 Curse of Agony           Necr           28%        N/A       21%         5
 Foxfire                  Conj/Fire      0%         2x1d4     52%         1
 Magic Dart               Conj           0%         1d3       52%         1
 Shock                    Conj/Air       0%         1d3       52%         1
 Volatile Blastmotes      Fire/Tloc      12%        2d11      54%         3
 Anguish                  Hex/Necr       7%         N/A       54%         4
 Martyr's Knell           Necr/Summ      14%        N/A       54%         4
 Call Imp                 Summ           0%         N/A       67%         2
 Ensorcelled Hibernation  Hex/Ice        0%         N/A       67%         2
 Jinxbite                 Hex            0%         N/A       67%         2
 Scorch                   Fire           0%         2d5       67%         2
 Static Discharge         Conj/Air       0%         3-3/arc   67%         2
 Petrify                  Alch/Erth      8%         N/A       82%         4
 Hailstorm                Conj/Ice       0%         3d5       87%         3
 Summon Ice Beast         Ice/Summ       0%         N/A       87%         3
 Swiftness                Air            0%         N/A       87%         3
 Tukima's Dance           Hex            0%         N/A       87%         3
 Dimensional Bullseye     Hex/Tloc       3%         N/A       90%         4
 Iskenderun's Mystic Bla  Conj/Tloc      6%         2d4       90%         4
 Airstrike                Air            0%         2d(0-16)  99%         4
 Cause Fear               Hex            0%         N/A       99%         4
 Flame Wave               Conj/Fire      0%         2d4       99%         4
 Olgreb's Toxic Radiance  Alch           0%         N/A       99%         4
 Summon Blazeheart Golem  Fire/Summ      0%         N/A       99%         4
 Summon Lightning Spire   Summ/Air       0%         N/A       99%         4
 Alistair's Intoxication  Alch           0%         N/A       100%        5
 Fireball                 Conj/Fire      0%         3d3       100%        5
 Irradiate                Conj/Alch      0%         3d11      100%        5
 Conjure Ball Lightning   Conj/Air       0%         3x3d6     100%        6
 Eringya's Noxious Bog    Alch           0%         4d6       100%        6
 Plasma Beam              Fire/Air       0%         2x1d10    100%        6
 Sculpt Simulacrum        Ice/Alch       0%         N/A       100%        6
 Starburst                Conj/Fire      0%         6d3       100%        6
 Summon Cactus Giant      Summ           0%         N/A       100%        6
 Enfeeble                 Hex            0%         N/A       100%        7
 Malign Gateway           Summ/Tloc      3%         N/A       100%        7
 Ozocubu's Refrigeration  Ice            0%         4d7       100%        7
 Borgnjor's Revivificati  Necr           14%        N/A       100%        8
 Discord                  Hex            0%         N/A       100%        8
 Disjunction              Tloc           6%         N/A       100%        8
 Summon Horrible Things   Summ           0%         N/A       100%        8
 Dragon's Call            Summ           0%         N/A       100%        9
 Polar Vortex             Ice            0%         N/A       100%        9


Dungeon Overview and Level Annotations

Branches:
Dungeon (15/15)            Temple (0/1) D:6            Lair (5/5) D:10
  Swamp (4/4) Lair:3       Spider (4/4) Lair:2        Slime (0/5) Lair:5
    Orc (2/2) D:11            Elf (3/3) Orc:2        Vaults (4/5) D:13
  Crypt (0/3) Vaults:3     Depths (4/4) D:15            Zot (5/5) Depths:4
  IceCv (visited)         Desolation (visited)      Gauntlet (visited)

Altars:
Ashenzari
Cheibriados
Fedhas
Gozag
Hepliaklqana
Makhleb
Nemelex Xobeh
Okawaru
Ru
Sif Muna
Trog
Vehumet
Wu Jian
Xom
Yredelemnul
Beogh
Jiyva
Lugonu

Shops:
D:2 *(   D:4 [   D:7 [   D:8 *   D:9 *   D:14 !   Orc:2 (:=[[   Elf:2 ?
Elf:3 :   Vaults:1 (   Vaults:2 (?   Vaults:4 ?   Depths:2 *   Depths:4 [

Portals:
Hell: Depths:1 Depths:2 Depths:3 Depths:4
Abyss: Lair:5 Depths:1 Depths:2 Depths:3
Pandemonium: Depths:2 Depths:3
Ziggurat: Depths:4

Annotations:
Swamp:2 2 transporters, Kikiss's ghost, adept DrSh
Swamp:3 exclusion: 2 lightning spires


Innate Abilities, Weirdness & Mutations

You have claws for hands.
You are mostly covered in large bone plates. (SH +6)
A meltable icy envelope protects you from harm. (AC +8)
You regenerate a lot of health from kills.
A meltable shield of frost defends you. (SH +4)
Your presence sometimes corrodes or deforms those you injure.
You can speak a Word of Chaos.
You have razor-sharp toenails.
Your skin changes colour to match your surroundings (Stealth+).
You are agile. (Dex +4, Str/Int -1)
You are dopey. (Int -2)
You are resistant to electric shocks. (rElec)
Your spells are a little harder to cast, but a little more powerful.
Potions are less effective at restoring your health.


Message History

A Brimstone Fiend comes into view.
The Brimstone Fiend roars!
The Brimstone Fiend moves out of view.
You block the Brimstone Fiend's attack. x2
The Brimstone Fiend hits you but does no damage.
You mangle the Brimstone Fiend!! You scratch the Brimstone Fiend.
Your demonic crawler zombie hits the Brimstone Fiend. x3
You block the Brimstone Fiend's attack. x2
The Brimstone Fiend closely misses you.
You claw the Brimstone Fiend!
Your corrupting presence corrodes the Brimstone Fiend!
Your demonic crawler zombie hits the Brimstone Fiend but does no damage. x2
Your demonic crawler zombie hits the Brimstone Fiend!
The Brimstone Fiend completely misses you. x2
The Brimstone Fiend hits you.
You scratch the Brimstone Fiend but do no damage.
You scratch the Brimstone Fiend but do no damage.
Your demonic crawler zombie hits the Brimstone Fiend!
Your demonic crawler zombie barely misses the Brimstone Fiend.
Your demonic crawler zombie hits the Brimstone Fiend!
You block the Brimstone Fiend's attack. x2; The Brimstone Fiend misses you.
You mangle the Brimstone Fiend!!
Your demonic crawler zombie hits the Brimstone Fiend! x2
The Brimstone Fiend dies!
With your torch unlit, their soul goes wasted...
A black mist starts to gather...
Your Stealth skill increases to level 7!
(D) Dungeon (T) Temple (L) Lair (S) Swamp (N) Spider Nest (M) Slime Pits (O) Orcish Mines (E) Elven Halls (V) Vaults (C) Crypt (U) Depths (H) Hell (Z) Zot
Where to? (Tab/Enter - D:1 @ (x,y), ? - help)
There is a stone staircase leading up here.
You climb upwards.
Your mindless puppets stay behind to rot.
There is a stone staircase leading down here.
There is an open door here.
There is a staircase leading out of the dungeon here.
You have escaped!

÷.###.....# #......## ##........#
##......#######
.#........##############........#
.#...........(....).......#####..
^#.......################........
ß#......#.### #.# ###.#.######.
###..#..##..####'####..##.######.
#....#####..'...'..####.#......
#>#### ####.@.#### #........ #.#
###..'...'..######......
###÷######..####'####..####......
........#.### #.# ###.##.......
....###..########## ##.........
......#.#.........# #######+##
......#.#.#######.# #.#
###...#.#.#.....#.# ###.##
#####.#.#.###.#.# #.....


There were no monsters in sight!

Vanquished Creatures
  2 dread liches (Zot:5)
  2 ancient liches (Zot:5)
  The ghost of Gryn the Metallomancer, a veteran NaAl of Vehumet (Vaults:4)
  4 orbs of fire
  Josephina (Zot:2)
  Sojobo (Depths:3)
  6 Killer Klowns
  A curse toe (Zot:2)
  4 caustic shrikes
  8 golden dragons
  Nikola (Swamp:1)
  An electric golem (Zot:5)
  9 tentacled monstrosities
  2 Brimstone Fiends
  The ghost of ytrimaz the Lord of Darkness, an adept DsNe of Kikubaaqudgha (Elf:2)
  A walking crystal tome (Depths:4)
  14 Orb Guardians
  2 liches (Depths:2)
  A walking earthen tome (Depths:2)
  2 deep elf blademasters
  3 deep elf master archers (Elf:3)
  9 death cobs
  11 quicksilver dragons
  A sphinx (Depths:1)
  2 tentacled starspawn
  A thorn hunter (Swamp:2)
  Aizul (Swamp:1)
  13 storm dragons
  9 shadow dragons
  4 tengu reavers
  8 draconian monks
  5 fire giants
  14 draconian knights
  2 imperial myrmidons (Desolation)
  2 draconian shifters
  10 protean progenitors
  2 frost giants
  A ghost moth (Zot:1)
  5 emperor scorpions
  10 draconian scorchers
  5 deep elf sorcerers (Elf:3)
  7 vault wardens
  A deep elf elementalist (Elf:3)
  4 orc warlords
  A spriggan defender (Depths:3)
  15 ironbound preservers
  8 very ugly things
  10 stone giants
  3 ironbound thunderhulks
  4 draconian stormcallers
  11 draconian annihilators
  2 broodmothers
  11 black draconians
  3 deep elf death magi (Elf:3)
  A vampire knight (Depths:1)
  12 green draconians
  A formless jellyfish (Vaults:1)
  5 deep elf annihilators (Elf:3)
  An eleionoma (Swamp:2)
  6 dire elephants
  11 deep elf demonologists
  2 halazid warlocks (Desolation)
  7 yellow draconians
  12 red draconians
  7 war gargoyles
  15 white draconians
  A lorocyproca (Depths:4)
  A minotaur (Gauntlet)
  4 ettins
  26 purple draconians
  4 bunyips
  A very ugly thing zombie (Abyss:2)
  2 blizzard demons
  A merfolk impaler (Depths:2)
  A green death (Depths:2)
  3 crystal guardians
  3 spark wasps
  An eidolon (Vaults:2)
  6 fire dragons
  6 entropy weavers
  7 deep elf high priests
  The ghost of xianbchi the Cleaver, a journeyman MiFi of Trog (D:13)
  3 jiangshi (Depths:2)
  6 great orbs of eyes
  12 ragged hierophants (Desolation)
  9 hydras
  8 yaktaur captains
  A hell beast (D:14)
  4 rakshasas
  7 ice dragons
  14 peacekeepers
  4 vault guards
  2 catoblepae (Abyss:3)
  A jorogumo (Spider:2)
  2 spriggan air magi (Depths:4)
  3 alligators
  A death knight (Vaults:3)
  8 servants of whispers (Desolation)
  4 two-headed ogres
  2 anacondas (Depths:3)
  A centaur warrior (Vaults:1)
  A spriggan skeleton (Depths:1)
  5 ironbound frosthearts
  5 boulder beetles
  21 dancing weapons
  7 death yaks
  3 deep troll shamans
  A death scarab (Spider:4)
  5 thrashing horrors
  A hell hog (Depths:3)
  A tengu warrior (Depths:3)
  4 orc high priests
  6 deep troll earth magi
  2 spriggan berserkers (Depths:2)
  2 occultists
  4 demonic crawlers
  3 soul eaters
  A sun demon (Depths:3)
  11 deep elf knights
  A fire crab (shapeshifter) (Depths:2)
  2 sixfirhies
  4 iron trolls
  3 wretched stars
  2 goliath frogs (Swamp:1)
  5 skysharks
  2 death drakes
  2 pharaoh ants
  7 glowing orange brains
  4 spriggan druids
  An iron giant zombie (Abyss:2)
  An orb spider (shapeshifter) (Depths:2)
  50 deep trolls
  A spriggan rider (Depths:2)
  An obsidian statue (Zot:5)
  4 flayed ghosts
  8 large abominations
  13 slime creatures
  A mana viper (shapeshifter) (Vaults:4)
  6 arcanists
  3 orb spiders
  9 swamp dragons
  An orange crystal statue (Elf:2)
  A sun moth (Zot:3)
  2 bog bodies (Swamp:1)
  4 necromancers
  A golden dragon skeleton (Depths:1)
  9 orc knights
  5 lindwurms
  12 deep elf archers
  2 will-o-the-wisps
  24 deep elf pyromancers
  4 steelbarb worms
  2 lightning spires (Swamp:3)
  3 shining eyes (Depths:4)
  17 deep elf zephyrmancers
  7 wolf spiders
  8 ironbound convokers
  2 orc sorcerers
  A moth of wrath (shapeshifter) (Elf:1)
  A worldbinder (Abyss:1)
  5 cyclopes
  3 manticores
  53 ugly things
  An iron dragon skeleton (Depths:1)
  19 moths of wrath
  A draconian zombie (Zot:4)
  A kobold blastminer (Orc:2)
  5 elephants
  An ice statue (IceCv)
  An elephant (shapeshifter) (Vaults:4)
  4 black mambas
  3 meliai (Spider:4)
  An apocalypse crab (Abyss:2)
  2 guardian serpents (Desolation)
  A centaur zombie (D:13)
  11 starcursed masses (Abyss:2)
  10 vault sentinels
  2 torpor snails
  An orange demon (Abyss:1)
  5 smoke demons
  3 molten gargoyles (Desolation)
  2 gargoyles
  7 cane toads
  2 rime drakes
  5 komodo dragons
  33 yaktaurs
  A freezing wraith (Vaults:3)
  An efreet (D:14)
  A kobold demonologist (D:12)
  A human zombie (Vaults:2)
  A catoblepas skeleton (Abyss:3)
  2 ancient zymes
  3 tengu conjurers
  A redback zombie (D:13)
  An ice devil (D:9)
  9 hornets
  2 trolls
  A bloated husk (Swamp:1)
  11 tarantellas
  25 blink frogs
  2 glass eyes
  5 polar bears
  A dream sheep (shapeshifter) (Depths:2)
  A glass eye (shapeshifter) (Depths:2)
  A raiju (shapeshifter) (Abyss:2)
  9 raiju
  5 tyrant leeches
  80 saltlings (Desolation)
  6 dream sheep
  10 water elementals
  A vampire (Abyss:2)
  2 shadows
  4 ynoxinuls
  9 spriggans
  3 air elementals
  11 jumping spiders
  3 centaur simulacra
  A spriggan (shapeshifter) (Lair:5)
  5 wyverns
  23 yaks
  9 culicivoras
  3 wraiths
  32 redbacks
  A warg (Orc:1)
  6 basilisks
  3 chaos spawn
  8 vampire mosquitoes
  4 swamp worms
  A deep troll zombie (Vaults:4)
  An entropy weaver zombie (Vaults:2)
  5 acid dragons (Spider:1)
  4 water moccasins
  A water moccasin (shapeshifter) (D:14)
  18 orc warriors
  An ice beast (D:7)
  3 laughing skulls
  A sky beast (D:7)
  3 black bears
  7 swamp drakes
  A spriggan simulacrum (Depths:2)
  An ogre (Orc:1)
  18 wolves
  7 boggarts
  4 centaurs
  2 phantoms
  4 weeping skulls (Abyss:2)
  7 kobold brigands
  9 bullfrogs
  2 scorpions
  5 earth elementals
  9 small abominations
  4 wights (D:9)
  8 killer bees
  2 jellies
  6 electric eels
  4 bombardier beetles
  5 orc priests
  A gnoll bouda (D:6)
  An iron imp (Abyss:2)
  A sleepcap (D:7)
  2 iguanas
  9 orc wizards
  4 hell rats (Lair:4)
  A hound zombie (D:3)
  3 adders
  14 gnolls
  2 shadow imps (D:6)
  2 white imps (Lair:2)
  2 ufetubi (Abyss:2)
  A ribbon worm (D:2)
  23 orcs
  5 bats
  6 endoplasms
  3 hobgoblins
  14 kobolds
  2 quokkas
  10 ball pythons
  A ball python zombie (D:3)
  2 frilled lizards (D:1)
  A giant cockroach zombie (D:3)
  6 goblins
  5 rats
  2 aspiring fleshes (Zot:1)
  2 starspawn tentacles (Abyss:3)
1579 creatures vanquished.

Vanquished Creatures (collateral kills)
  4 Killer Klowns
  Boris (Depths:2)
  A curse toe (Zot:5)
  3 golden dragons
  An electric golem (Zot:5)
  A Brimstone Fiend (D:2)
  Jorgrun (D:15)
  5 tentacled monstrosities
  10 Orb Guardians (Zot:5)
  A deep elf master archer (Elf:3)
  5 quicksilver dragons
  An acid blob (Spider:1)
  3 sphinxes
  An ancient champion (Vaults:3)
  A shadow dragon (Depths:4)
  A tengu reaver (Depths:4)
  A death cob (Zot:2)
  7 storm dragons
  2 protean progenitors
  A draconian monk (Zot:2)
  3 emperor scorpions
  A fire giant (Depths:3)
  2 deep elf sorcerers (Elf:3)
  2 draconian scorchers
  4 frost giants
  3 draconian shifters
  2 deep elf elementalists (Elf:3)
  2 vault wardens (Vaults:1)
  An orc warlord (Vaults:4)
  3 ironbound thunderhulks
  4 very ugly things (Depths:2)
  3 ironbound preservers
  9 draconian annihilators
  2 broodmothers
  The ghost of Pixtaico the Unseen, an adept FeNe of Elyvilon (Vaults:2)
  11 black draconians
  An eleionoma (Swamp:3)
  4 green draconians
  12 white draconians
  A lorocyproca (Zot:5)
  3 dire elephants (Vaults:4)
  2 bunyips
  A spark wasp (Depths:3)
  3 deep elf annihilators
  A minotaur (Zot:3)
  7 purple draconians
  7 yellow draconians
  6 red draconians
  An eidolon (Vaults:2)
  5 entropy weavers
  5 fire dragons
  2 ragged hierophants (Desolation)
  4 yaktaur captains
  A deep elf high priest (Elf:3)
  5 rakshasas
  An entropy weaver (shapeshifter) (Lair:5)
  A great orb of eyes (Vaults:4)
  7 ice dragons
  3 vault guards
  17 hydras
  A servant of whispers (Desolation)
  A centaur warrior (D:15)
  A spriggan air mage (Depths:2)
  3 radroaches
  A jorogumo (Spider:3)
  5 alligators
  3 ironbound frosthearts
  2 boulder beetles
  2 deep troll shamans
  An anaconda (Depths:3)
  2 satyrs (Zot:3)
  2 two-headed ogres (D:10)
  A vampire mage (Depths:2)
  4 spriggan berserkers
  4 deep troll earth magi
  3 orc high priests (Elf:1)
  A hell hog (Depths:3)
  3 demonic crawlers
  A thrashing horror (Abyss:2)
  5 death yaks
  9 dancing weapons
  3 deep elf knights
  A shock serpent (shapeshifter) (Depths:2)
  3 goliath frogs
  A skeletal warrior (Vaults:3)
  2 skysharks
  8 iron trolls
  An ogre zombie (Vaults:2)
  A pharaoh ant (Spider:4)
  7 orb spiders
  3 sun moths
  A large abomination (Abyss:1)
  3 glowing orange brains
  3 swamp dragons
  26 deep trolls
  3 spriggan druids
  3 steelbarb worms
  3 arcanists
  2 orc knights
  A lindwurm (shapeshifter) (D:15)
  6 deep elf zephyrmancers
  An obsidian statue (Elf:2)
  2 ironbound convokers
  11 deep elf pyromancers
  6 deep elf archers
  A lindwurm (Vaults:3)
  24 ugly things
  2 orc sorcerers (Elf:1)
  3 will-o-the-wisps
  An oklob plant (Spider:1)
  3 wolf spiders
  A shining eye (Zot:1)
  3 spectral centaurs (D:13)
  5 moths of wrath
  3 kobold blastminers (Orc:2)
  A centaur zombie (D:13)
  A meliai (shapeshifter) (Lair:5)
  3 meliai (Spider:4)
  4 vault sentinels
  7 elephants
  2 black mambas
  2 smoke demons (Lair:5)
  3 cane toads (Lair:5)
  A gargoyle (D:13)
  7 komodo dragons
  2 storm dragon simulacra (Zot:2)
  5 rime drakes
  A freezing wraith (Abyss:2)
  A kobold demonologist (D:12)
  A tengu conjurer (D:15)
  13 yaktaurs
  2 trolls
  A polar bear (IceCv)
  2 bloated husks
  9 tarantellas
  9 hornets
  4 tyrant leeches
  31 blink frogs
  A spectral hellion (Depths:3)
  4 dream sheep
  A glass eye (Depths:2)
  A raiju (Abyss:1)
  6 saltlings (Desolation)
  8 jumping spiders
  6 culicivoras
  8 slime creatures
  5 water elementals
  A vampire (Abyss:2)
  17 yaks
  3 wyverns
  A human (D:13)
  3 spriggans
  25 redbacks
  2 wargs
  6 vampire mosquitoes
  4 basilisks
  A steam dragon (D:9)
  A neqoxec (Gauntlet)
  2 chaos spawn (Gauntlet)
  A green draconian simulacrum (Zot:2)
  An acid dragon (Spider:1)
  8 swamp worms
  A moth of wrath simulacrum (Zot:2)
  5 water moccasins
  18 orc warriors
  4 spriggan simulacra (Depths:2)
  2 swamp drakes (Swamp:4)
  An ogre (Orc:2)
  An elephant zombie (Lair:5)
  16 wolves
  7 centaurs
  5 bullfrogs
  A kobold brigand (D:8)
  5 small abominations
  An earth elemental (Elf:3)
  4 wights (D:8)
  A howler monkey (D:9)
  2 hounds
  10 orc priests
  A starcursed mass (Abyss:2)
  2 hell rats (Lair:4)
  2 sleepcaps
  4 orc wizards
  A boggart simulacrum (D:13)
  2 gnolls
  2 shadow imps
  10 white imps (Lair:2)
  An ufetubus (Abyss:2)
  A ribbon worm (D:4)
  33 orcs
  A quokka (D:5)
  7 kobolds
  A kobold zombie (D:12)
  4 orc zombies
  3 aspiring fleshes
793 creatures vanquished.

Vanquished Creatures (others)
  A spectral hydra (Vaults:1)
  A spectral troll (Zot:2)
  A tentacled monstrosity (Zot:3)
  A spectral juggernaut (Depths:4)
  12 spectral tentacled monstrosities
  A deep elf elementalist (Elf:3)
  A caustic shrike zombie (Depths:3)
  5 Killer Klown zombies
  A purple draconian (Depths:4)
  A white draconian (Zot:2)
  A war gargoyle (Vaults:4)
  A spectral frost giant (Spider:1)
  2 very ugly thing zombies
  A spectral elf (Elf:3)
  A spectral emperor scorpion (Spider:4)
  A spectral human (Elf:2)
  3 quicksilver dragon zombies
  8 Orb Guardian zombies (Zot:5)
  A sphinx zombie (Vaults:4)
  4 spectral protean progenitors
  A deep troll earth mage (Depths:3)
  A spectral spark wasp (Spider:4)
  A tengu warrior (Depths:3)
  A spectral sixfirhy (Abyss:1)
  A deep elf knight (Elf:3)
  2 emperor scorpion zombies (Spider:4)
  4 storm dragon zombies
  A spectral radroach (Spider:1)
  A ghost moth zombie (Zot:1)
  5 golden dragon zombies
  A spectral spriggan (Depths:3)
  2 bunyip zombies
  A deep elf archer (Elf:2)
  3 shadow dragon zombies
  A goliath frog zombie (Swamp:1)
  4 tengu zombies
  2 deep elf zephyrmancers
  18 draconian zombies
  A spectral goliath frog (Swamp:4)
  2 wolf spider zombies
  A deep elf pyromancer (Elf:2)
  A broodmother zombie (Zot:1)
  4 fire giant zombies
  2 alligator zombies
  An ugly thing (Depths:2)
  9 ugly thing zombies
  2 frost giant zombies (Depths:4)
  2 stone giant zombies (Depths:4)
  2 spectral rakshasas
  A catoblepas zombie (Abyss:3)
  A yellow draconian zombie (Zot:2)
  7 white draconian zombies
  10 purple draconian zombies
  A spectral sun demon (Depths:3)
  6 green draconian zombies
  8 black draconian zombies
  4 swamp worm zombies
  26 human zombies
  8 red draconian zombies
  2 iron troll zombies
  2 death yak zombies (Lair:5)
  16 redback zombies
  A steelbarb worm zombie (Spider:4)
  2 great orb of eyes zombies
  2 orb spider zombies (Spider:4)
  A spectral entropy weaver (Spider:4)
  2 demonic crawler zombies (Spider:4)
  A death drake zombie (Swamp:4)
  5 bloated husks
  4 hydra zombies
  A blink frog (Lair:5)
  2 fire dragon zombies
  A radroach zombie (Spider:4)
  A guardian serpent zombie (Desolation)
  A boulder beetle zombie (Abyss:3)
  A tyrant leech (Swamp:2)
  A merfolk zombie (Depths:2)
  11 moth of wrath zombies
  6 jumping spider zombies
  5 meliai zombies
  5 ice dragon zombies
  5 culicivora zombies
  8 tarantella zombies
  3 black mamba zombies
  45 elf zombies
  A spectral orange demon (Abyss:1)
  2 slime creature zombies (Vaults:1)
  7 spriggan zombies
  A spectral hornet (Swamp:3)
  2 tyrant leech zombies
  3 skyshark zombies (Zot:4)
  16 deep troll zombies
  An entropy weaver zombie (Vaults:4)
  8 hornet zombies
  A moth of wrath simulacrum (Zot:2)
  5 spectral smoke demons
  2 elephant zombies (Lair:5)
  8 blink frog zombies
  A dream sheep zombie (Lair:1)
  2 lindwurm zombies (Vaults:2)
  A swamp dragon zombie (Swamp:2)
  A centaur (D:12)
  14 yaktaur zombies
  2 spectral ynoxinuls (Abyss:2)
  A spectral chaos spawn (Abyss:2)
  A cyclops zombie (D:12)
  3 wyvern zombies
  4 water moccasin zombies
  2 komodo dragon zombies
  A warg zombie (Orc:2)
  A troll zombie (D:10)
  3 yak zombies
  2 polar bear zombies (IceCv)
  7 raiju zombies
  7 wolf zombies
  5 bullfrog zombies
  5 centaur zombies
  5 basilisk zombies
  3 boggart zombies
  3 killer bee zombies (D:11)
  An acid dragon zombie (Spider:1)
  3 swamp drake zombies
  An orc (D:15)
  2 ball python zombies
  2 gnoll zombies (D:6)
  4 kobold zombies
  29 orc zombies
  23 foxfires
  7 starspawn tentacles
534 creatures vanquished.

Grand Total: 2906 creatures vanquished

Notes
Turn   | Place    | Note
-------+----------+-------------------------------------------
     0 | D:1      | ragingrage the Demonspawn Shapeshifter began the quest for
                  | the Orb.
     0 | D:1      | Reached XP level 1. HP: 15/15 MP: 1/1
   297 | D:1      | Gained mutation: A meltable shield of frost defends you.
                  | (SH +4) [demonic ancestry]
   297 | D:1      | Reached XP level 2. HP: 15/21 MP: 2/2
   384 | D:1      | Found a faded altar of an unknown god.
   649 | D:1      | Gained mutation: A meltable icy envelope protects you from
                  | harm. (AC +8) [demonic ancestry]
   649 | D:1      | Reached XP level 3. HP: 24/26 MP: 3/3
  1521 | D:2      | Found Lataf's Antique Weapon Shop.
  1564 | D:2      | Found Reroaxzo's Assorted Antiques.
  1569 | D:2      | Bought a forked iron wand for 72 gold pieces
  1906 | D:2      | Gained mutation: You have sharp fingernails. [demonic
                  | ancestry]
  1906 | D:2      | Reached XP level 4. HP: 17/32 MP: 4/4
  2126 | D:2      | Reached skill level 1 in Stealth
  2267 | D:2      | Reached skill level 1 in Throwing
  2307 | D:3      | Gained mutation: You have very sharp fingernails. [demonic
                  | ancestry]
  2307 | D:3      | Reached XP level 5. HP: 38/38 MP: 5/5
  2361 | D:3      | Found a basalt altar of Yredelemnul.
  2468 | D:3      | Became a worshipper of Yredelemnul the Fallen
  2718 | D:3      | Found a snail-covered altar of Cheibriados.
  2748 | D:3      | Found a radiant altar of Vehumet.
  2895 | D:3      | Found a shimmering altar of Xom.
  3167 | D:4      | Noticed a phantom
  3181 | D:4      | Killed a phantom
  3182 | D:4      | Reached skill level 5 in Unarmed Combat
  3182 | D:4      | Reached XP level 6. HP: 43/47 MP: 6/6
  3543 | D:4      | Reached skill level 1 in Invocations
  3635 | D:4      | Reached skill level 1 in Evocations
  3650 | D:4      | Found Tesupe's Antique Armour Boutique.
  3818 | D:4      | Found a burning altar of Makhleb.
  3857 | D:5      | Entered Level 5 of the Dungeon
  3887 | D:5      | Reached skill level 2 in Invocations
  3926 | D:5      | Reached XP level 7. HP: 41/52 MP: 7/9
  3986 | D:5      | Reached skill level 3 in Invocations
  4188 | D:5      | Found a bloodstained altar of Trog.
  4407 | D:6      | Found a broken altar of Ashenzari.
  4457 | D:6      | Found a staircase to the Ecumenical Temple.
  4471 | D:6      | Reached skill level 4 in Invocations
  4478 | D:6      | Reached * piety under Yredelemnul
  4854 | D:6      | Gained mutation: You have claws for hands. [demonic
                  | ancestry]
  4854 | D:6      | Reached XP level 8. HP: 58/58 MP: 11/11
  5099 | D:6      | Found a shimmering blue altar of Sif Muna.
  5458 | D:7      | Identified the +4 ice dragon scales of Vlad {rElec rF- rC++
                  | rCorr Int+2}
  5498 | D:7      | Got the Teachings on Nival Terrain
  5686 | D:7      | Found Diomoo's Antique Armour Shoppe.
  5811 | D:7      | Noticed a two-headed ogre
  5915 | D:7      | Reached ** piety under Yredelemnul
  5954 | D:7      | Found a sacrificial altar of Ru.
  6169 | D:7      | Reached XP level 9. HP: 52/63 MP: 7/12
  6169 | D:7      | Killed a two-headed ogre
  6170 | D:7      | Reached skill level 10 in Unarmed Combat
  6342 | D:8      | Reached skill level 5 in Invocations
  6546 | D:8      | Found Weish's Changing Room.
  6548 | D:8      | Identified the +4 ring mail of the Blind Marksman {Int+5}
  6770 | D:8      | Found a blossoming altar of Fedhas.
  7480 | D:9      | Reached skill level 6 in Invocations
  7543 | D:9      | Gained mutation: You are partially covered in large bone
                  | plates. (SH +4) [demonic ancestry]
  7543 | D:9      | Reached XP level 10. HP: 61/73 MP: 14/14
  7590 | D:9      | Found Kihojuto's Assorted Antiques.
  7598 | D:9      | Bought a scroll labelled YRIPAO XISMI for 28 gold pieces
  7770 | D:9      | Noticed a two-headed ogre
  7778 | D:9      | Killed a two-headed ogre
  7779 | D:9      | Reached skill level 5 in Fighting
  7779 | D:9      | Reached skill level 7 in Invocations
  7897 | D:9      | Noticed a two-headed ogre
  7898 | D:9      | Found a transporter.
  7907 | D:9      | Killed a two-headed ogre
  7941 | D:9      | Found a transporter.
  8151 | D:9      | Reached skill level 5 in Throwing
  8185 | D:9      | Found an ornate altar of the Wu Jian Council.
  8445 | D:10     | Entered Level 10 of the Dungeon
  8493 | D:10     | Noticed a two-headed ogre
  8498 | D:10     | Killed a two-headed ogre
  8499 | D:10     | Reached skill level 1 in Armour
  8500 | D:10     | Noticed a two-headed ogre
  8507 | D:10     | Killed a two-headed ogre
  8641 | D:10     | Found an iron altar of Okawaru.
  8656 | D:10     | Found a hazy altar of Hepliaklqana.
  8667 | D:10     | Found an opulent altar of Gozag.
  8811 | D:10     | Found a staircase to the Lair.
  8934 | D:11     | Gained mutation: You regenerate a little health from kills.
                  | [demonic ancestry]
  8934 | D:11     | Reached XP level 11. HP: 81/81 MP: 16/16
  8960 | D:11     | Learned a level 3 spell: Fugue of the Fallen
  9101 | D:11     | Noticed a boulder beetle
  9116 | D:11     | Killed a boulder beetle
  9395 | D:11     | Noticed a two-headed ogre
  9399 | D:11     | Killed a two-headed ogre
  9592 | D:11     | Reached *** piety under Yredelemnul
  9729 | D:11     | Found a roughly hewn altar of Beogh.
  9729 | D:11     | Found a staircase to the Orcish Mines.
  9731 | D:11     | Noticed an orc knight
  9769 | D:11     | Killed an orc knight
 10159 | Lair:1   | Entered Level 1 of the Lair of Beasts
 10192 | Lair:1   | Reached skill level 5 in Armour
 10467 | Lair:1   | Reached **** piety under Yredelemnul
 10523 | Lair:1   | Gained mutation: Your presence sometimes corrodes those you
                  | injure. [demonic ancestry]
 10523 | Lair:1   | Reached XP level 12. HP: 88/94 MP: 15/17
 10532 | Lair:1   | Reached skill level 8 in Invocations
 11450 | Lair:2   | Noticed a seven-headed hydra
 11456 | Lair:2   | Killed an eight-headed hydra
 11457 | Lair:2   | Reached skill level 9 in Invocations
 11471 | Lair:2   | Noticed a seven-headed hydra
 11477 | Lair:2   | Killed a nine-headed hydra
 11501 | Lair:2   | Reached ***** piety under Yredelemnul
 11513 | Lair:2   | Reached skill level 10 in Invocations
 11524 | Lair:2   | Found a frozen archway.
 11628 | Lair:2   | Reached skill level 1 in Necromancy
 11749 | IceCv    | Entered an ice cave
 11766 | IceCv    | Noticed a death yak
 11785 | IceCv    | Reached XP level 13. HP: 90/103 MP: 17/20
 11786 | IceCv    | Reached skill level 10 in Fighting
 11939 | IceCv    | Reached skill level 11 in Invocations
 12025 | IceCv    | Noticed a frost giant
 12042 | IceCv    | Killed a frost giant
 12042 | IceCv    | Bound a frost giant
 12456 | Lair:2   | Found a hole to the Spider Nest.
 13106 | Lair:3   | Reached skill level 5 in Necromancy
 13261 | Lair:3   | Found a staircase to the Swamp.
 13859 | Lair:4   | Found a gate leading to a gauntlet.
 13952 | Lair:4   | Reached XP level 14. HP: 110/110 MP: 20/22
 14047 | Gauntlet | Entered a Gauntlet
 14047 | Gauntlet | Found a transporter.
 14058 | Gauntlet | Found a transporter.
 14061 | Gauntlet | Found a transporter.
 14070 | Gauntlet | Found a runed translucent door.
 14072 | Gauntlet | Found a transporter.
 14074 | Gauntlet | Found a transporter.
 14076 | Gauntlet | Noticed a quicksilver ooze
 14080 | Gauntlet | Found a runed translucent gate.
 14080 | Gauntlet | Found a runed translucent gate.
 14080 | Gauntlet | Found a runed translucent gate.
 14082 | Gauntlet | Found a transporter.
 14098 | Gauntlet | Found a transporter.
 14109 | Gauntlet | Found a transporter.
 14120 | Gauntlet | Found a transporter.
 14132 | Gauntlet | Found a transporter.
 14133 | Gauntlet | Found a transporter.
 14134 | Gauntlet | Found a transporter.
 14134 | Gauntlet | Found the amulet of the Air {Inacc Air Fly rElec RMsl}
 14150 | Gauntlet | Found a transporter.
 14163 | Gauntlet | Found a transporter.
 14470 | Gauntlet | Identified the +2 pair of boots "Ziph" {Will+ Int+3}
 15235 | Lair:5   | Entered Level 5 of the Lair of Beasts
 15238 | Lair:5   | Reached skill level 10 in Armour
 15247 | Lair:5   | Reached skill level 12 in Invocations
 15294 | Lair:5   | Found a viscous altar of Jiyva.
 15294 | Lair:5   | Found a staircase to the Slime Pits.
 15471 | Lair:5   | Found the +5 moon troll leather armour {Spirit, Regen++
                  | MP+5}
 15558 | Lair:5   | Reached ****** piety under Yredelemnul
 15606 | Lair:5   | Reached skill level 15 in Unarmed Combat
 15608 | Lair:5   | Reached skill level 13 in Invocations
 15844 | Lair:5   | Found a corrupted altar of Lugonu.
 15844 | Lair:5   | Found a one-way gate to the infinite horrors of the Abyss.
 15847 | Lair:5   | Reached skill level 14 in Invocations
 16561 | Orc:1    | Entered Level 1 of the Orcish Mines
 16923 | Orc:2    | Entered Level 2 of the Orcish Mines
 16940 | Orc:2    | Reached XP level 15. HP: 115/115 MP: 25/25
 17093 | Orc:2    | Found Wewas's Armour Shop.
 17093 | Orc:2    | Found Jyuz Sedath's Jewellery Emporium.
 17102 | Orc:2    | Found Dyexox's Book Shoppe.
 17126 | Orc:2    | Found Qyam's Armour Boutique.
 17185 | Orc:2    | Bought a +2 cloak for 247 gold pieces
 17456 | Orc:2    | Found Xobbit's Antique Weapon Shop.
 17457 | Orc:2    | Found a staircase to the Elven Halls.
 17676 | D:9      | Bought a box of beasts for 1120 gold pieces
 17907 | D:12     | Reached skill level 15 in Invocations
 18728 | D:13     | Found a runed translucent gate.
 18729 | D:13     | Found a runed translucent gate.
 18730 | D:13     | Found a runed translucent gate.
 18732 | D:13     | Noticed xianbchi's ghost (journeyman MiFi)
 18797 | D:13     | Reached skill level 5 in Dodging
 19241 | D:13     | Killed xianbchi's ghost
 19248 | D:13     | Reached skill level 5 in Evocations
 19542 | D:13     | Found a gate to the Vaults.
 20089 | D:14     | Found Meipup's Distillery.
 20107 | D:14     | Bought a potion of haste for 190 gold pieces
 20107 | D:14     | Bought a potion of heal wounds for 95 gold pieces
 20107 | D:14     | Bought a potion of attraction for 57 gold pieces
 20219 | D:14     | Found a sparkling altar of Nemelex Xobeh.
 20270 | D:14     | Found an opulent altar of Gozag.
 20760 | D:15     | Entered Level 15 of the Dungeon
 20765 | D:15     | Noticed Jorgrun
 20777 | D:15     | Killed Jorgrun
 21028 | D:15     | Found a staircase to the Depths.
 21066 | D:15     | Reached XP level 16. HP: 120/122 MP: 27/27
 22012 | Spider:1 | Entered Level 1 of the Spider Nest
 22600 | Spider:1 | Noticed an acid blob
 22607 | Spider:1 | Killed an acid blob
 23184 | Spider:2 | Paralysed by a jorogumo for 1 turns
 23515 | Spider:2 | Reached skill level 10 in Evocations
 23995 | Spider:2 | Reached skill level 10 in Dodging
 24724 | Spider:4 | Entered Level 4 of the Spider Nest
 24774 | Spider:4 | Gained mutation: You regenerate health from kills. [demonic
                  | ancestry]
 24774 | Spider:4 | Reached XP level 17. HP: 128/128 MP: 13/28
 25809 | Spider:4 | Got a gossamer rune of Zot
 26112 | Orc:2    | Bought the ring "Tuhanim" {rPois rF++} for 756 gold pieces
 26301 | Swamp:1  | Entered Level 1 of the Swamp
 26311 | Swamp:1  | Identified the serpent talisman of Jigsaw {Will+}
 26311 | Swamp:1  | Noticed Aizul
 26319 | Swamp:1  | Killed Aizul
 26331 | Swamp:1  | Reached skill level 16 in Invocations
 26454 | Swamp:1  | Noticed a tentacled monstrosity
 26462 | Swamp:1  | Killed a tentacled monstrosity
 26462 | Swamp:1  | Bound a tentacled monstrosity
 26734 | Swamp:1  | Noticed Nikola
 26743 | Swamp:1  | Killed Nikola
 27172 | Swamp:2  | Found a transporter.
 27176 | Swamp:2  | Found a transporter.
 27176 | Swamp:2  | Noticed Kikiss's ghost (adept DrSh)
 27943 | Swamp:3  | Identified the +2 leather armour of Music {rElec Int-4
                  | Dex+2}
 28658 | Swamp:4  | Entered Level 4 of the Swamp
 28712 | Swamp:4  | Reached skill level 17 in Invocations
 28772 | Swamp:4  | Reached skill level 1 in Shields
 28772 | Swamp:4  | Reached XP level 18. HP: 134/140 MP: 17/30
 29043 | Swamp:4  | Noticed the 27-headed Lernaean hydra
 29057 | Swamp:4  | Killed the 27-headed Lernaean hydra
 29057 | Swamp:4  | Bound the 27-headed Lernaean hydra
 29229 | Swamp:4  | Got a decaying rune of Zot
 30008 | Vaults:1 | Entered Level 1 of the Vaults
 30014 | Vaults:1 | Your ally bound 27-headed Lernaean hydra died
 30298 | Vaults:1 | Noticed a tentacled monstrosity
 30307 | Vaults:1 | Killed a tentacled monstrosity
 30308 | Vaults:1 | Reached skill level 18 in Invocations
 30631 | Vaults:1 | Found a crumbling gateway.
 30643 | Desolati | Entered the Desolation of Salt
 30809 | Desolati | Reached skill level 5 in Shields
 31084 | Desolati | Identified the ring "Atwociot" {rC+ Dex+5}
 31086 | Desolati | Identified the +0 robe "Adatiufu" {Dex+2}
 31311 | Desolati | Reached skill level 10 in Necromancy
 31318 | Desolati | Gained mutation: Your presence sometimes corrodes or
                  | deforms those you injure. [demonic ancestry]
 31318 | Desolati | Reached XP level 19. HP: 148/149 MP: 32/32
 31902 | Desolati | Got Ixkaonit's Almanac of Massed Burning
 32468 | Desolati | Identified the ring of Seog {rPois rN+ SInv}
 32509 | Desolati | Reached skill level 19 in Invocations
 32642 | Desolati | Identified the +10 war axe "Duihoemnith" {freeze, rPois
                  | MP-9 Dex+2}
 32660 | Desolati | Identified the +2 scale mail of Filth {Str+3 Dex+3 Slay+3
                  | Stlth-}
 32972 | Vaults:1 | Found Pueruedi's Antique Weapon Shoppe.
 33129 | Vaults:1 | Noticed a Tzitzimitl
 34369 | Vaults:2 | Found Foatouc's Magic Scroll Emporium.
 34378 | Vaults:2 | Bought a scroll of fear for 64 gold pieces
 34378 | Vaults:2 | Bought a scroll of noise for 16 gold pieces
 34384 | Vaults:2 | Identified the amulet "Leuczi" {*Slow rElec Will++ Regen+
                  | rCorr}
 34821 | Vaults:2 | Found Ciwum's Weapon Boutique.
 34848 | Vaults:2 | Reached XP level 20. HP: 151/152 MP: 12/33
 35267 | Vaults:2 | Found a runed translucent door.
 35267 | Vaults:2 | Found a shimmering altar of Xom.
 35267 | Vaults:2 | Noticed Pixtaico's ghost (adept FeNe)
 35351 | Vaults:2 | Killed Pixtaico's ghost
 35538 | Vaults:2 | Learned a level 2 spell: Blink
 35669 | Vaults:3 | Found a staircase to the Crypt.
 36984 | Vaults:4 | Found Wyutul's Magic Scroll Boutique.
 36987 | Vaults:4 | Bought 3 scrolls of noise for 42 gold pieces
 37100 | Vaults:4 | Found the +0 mask of the Dragon {Will+ Slay+3 SInv}
 37717 | Vaults:4 | Identified the +3 mace of Reapportionment {venom, *Noise
                  | rElec Dex+3 SInv}
 37746 | Vaults:4 | Found a runed translucent gate.
 37746 | Vaults:4 | Found a runed translucent gate.
 37746 | Vaults:4 | Found a runed translucent gate.
 37746 | Vaults:4 | Noticed Gryn's ghost (veteran NaAl)
 38135 | Vaults:4 | Noticed Donald
 38146 | Vaults:4 | Killed Donald
 38146 | Vaults:4 | Bound Donald
 38154 | Vaults:4 | Reached skill level 15 in Fighting
 38438 | Vaults:4 | Reached skill level 15 in Dodging
 38487 | Vaults:4 | Reached skill level 10 in Shields
 38864 | Vaults:4 | Reached XP level 21. HP: 168/168 MP: 34/34
 39096 | Vaults:4 | Killed Gryn's ghost
 39748 | Elf:1    | Entered Level 1 of the Elven Halls
 39908 | Elf:1    | Reached skill level 10 in Throwing
 40505 | Elf:2    | Paralysed by an air elemental for 1 turns
 40637 | Elf:2    | Found Faxucs's Magic Scroll Shop.
 40640 | Elf:2    | Bought a scroll of blinking for 97 gold pieces
 40701 | Elf:2    | Found a runed translucent gate.
 40701 | Elf:2    | Found a runed translucent gate.
 40711 | Elf:2    | Found a runed translucent gate.
 41023 | Elf:2    | Your ally Donald died
 41082 | Elf:2    | Found a runed translucent door.
 41082 | Elf:2    | Found a shimmering altar of Xom.
 41082 | Elf:2    | Noticed ytrimaz's ghost (adept DsNe)
 41129 | Elf:2    | Killed ytrimaz's ghost
 42010 | Elf:3    | Entered Level 3 of the Elven Halls
 42040 | Elf:3    | Found Onaenlerr's Book Emporium.
 42557 | Elf:3    | Paralysed by an air elemental for 1 turns
 43163 | Elf:3    | Gained mutation: You are mostly covered in large bone
                  | plates. (SH +6) [demonic ancestry]
 43163 | Elf:3    | Reached XP level 22. HP: 141/175 MP: 19/35
 43263 | Elf:3    | Identified the +11 falchion of a volcano {elec, Dex+4 SInv}
 43459 | Elf:3    | Identified the ring of Tuysed {EV+5 Dex+6}
 43460 | Elf:3    | Identified the +6 spear of Ychorug {freeze, *Noise Int+7}
 43484 | Elf:3    | Identified the staff "Enafag" {rPois rF++ rCorr Alchemy}
 43700 | Elf:3    | Got Qyhim's Total Understanding of Spellcraft
 43721 | Elf:3    | Learned a level 5 spell: Borgnjor's Vile Clutch
 43721 | Elf:3    | Identified the staff of Shrieking Terror {rN+ rCorr Dex+4
                  | Necro}
 43773 | Elf:3    | Identified the staff of Icihamemn {^Fragile rPois rC+ Str+2
                  | SInv Ice}
 43787 | Elf:3    | Found the +27 heavy crossbow "Sniper" {heavy, Acc+∞ SInv}
 43820 | Elf:3    | Identified the +2 robe of the Hippogriff {Fly rC- Stlth+}
 43845 | Elf:3    | Identified the +4 morningstar "Erim" {antimagic, rElec rC+
                  | Int+3 SInv}
 43845 | Elf:3    | Identified the ring "Qamez" {rElec rF+ rC+ SInv}
 44242 | Lair:5   | Voluntarily entered the Abyss.
 44291 | Abyss:1  | Found a corrupted altar of Lugonu.
 44319 | Abyss:1  | Found a corrupted altar of Lugonu.
 44518 | Abyss:1  | Found a corrupted altar of Lugonu.
 44598 | Abyss:1  | Found a corrupted altar of Lugonu.
 44613 | Abyss:1  | Found a corrupted altar of Lugonu.
 44948 | Abyss:2  | Paralysed by accursed screaming for 2 turns
 45083 | Lair:5   | Escaped the Abyss
 45176 | Lair:5   | Voluntarily entered the Abyss.
 45176 | Abyss:2  | Found a corrupted altar of Lugonu.
 45196 | Abyss:2  | Found a corrupted altar of Lugonu.
 45212 | Abyss:3  | Found a corrupted altar of Lugonu.
 45347 | Abyss:3  | Got an abyssal rune of Zot
 45426 | Abyss:3  | Found a corrupted altar of Lugonu.
 45428 | Lair:5   | Escaped the Abyss
 45712 | Depths:1 | Entered Level 1 of the Depths
 45892 | Depths:1 | Found the +8 Wrath of Trog {antimagic, *Rage Rampage}
 45925 | Depths:1 | Found a bloodstained altar of Trog.
 46391 | Depths:1 | Found a gateway to Hell.
 46708 | Depths:1 | Identified the +6 rapier of Chagrin {drain, Str+3}
 46833 | Depths:2 | Reached skill level 15 in Throwing
 47118 | Depths:2 | Found Esel's Assorted Antiques.
 47177 | Depths:2 | Found a one-way gate leading to the halls of Pandemonium.
 47394 | Depths:2 | Noticed a caustic shrike
 47400 | Depths:2 | Killed a caustic shrike
 47407 | Depths:2 | Gained mutation: You regenerate a lot of health from kills.
                  | [demonic ancestry]
 47407 | Depths:2 | Reached XP level 23. HP: 181/181 MP: 32/36
 47498 | Depths:2 | Found the +7 great mace "Firestarter" {flame, immolate,
                  | rFlCloud rF++}
 47567 | Depths:2 | Identified the +4 robe "Taoc" {Rampage rN+ rCorr Str-5}
 47567 | Depths:2 | Noticed Boris
 47582 | Depths:2 | Killed Boris
 47762 | Depths:3 | Noticed Sojobo
 47770 | Depths:3 | Killed Sojobo
 47780 | Depths:3 | Reached skill level 15 in Shields
 48005 | Depths:3 | Identified the +4 scale mail of Restlessness {rPois Str-5
                  | Dex+3}
 48619 | Depths:3 | Noticed a caustic shrike
 48620 | Depths:3 | Noticed a caustic shrike
 48626 | Depths:3 | Noticed a caustic shrike
 48630 | Depths:3 | Killed a caustic shrike
 48634 | Depths:3 | Killed a caustic shrike
 48636 | Depths:3 | Killed a caustic shrike
 48677 | Depths:3 | Identified the ring "Havvugou" {Fire +Blink Int+4}
 49086 | Depths:4 | Entered Level 4 of the Depths
 49086 | Depths:4 | Noticed a juggernaut
 49106 | Depths:4 | Killed a juggernaut
 49106 | Depths:4 | Bound a juggernaut
 49216 | Depths:4 | Found a one-way gateway to a ziggurat.
 50059 | Depths:4 | Found Dyucvoho's Antique Armour Shoppe.
 50088 | Depths:4 | Reached skill level 20 in Invocations
 50244 | Depths:4 | Found a gate to the Realm of Zot.
 50278 | Depths:4 | Reached skill level 21 in Invocations
 50281 | Depths:4 | Gained mutation: You can speak a Word of Chaos. [demonic
                  | ancestry]
 50281 | Depths:4 | Reached XP level 24. HP: 188/188 MP: 17/37
 50302 | Depths:4 | Reached skill level 1 in Earth Magic
 50308 | Depths:4 | Reached skill level 1 in Translocations
 51033 | Zot:1    | Entered Level 1 of the Realm of Zot
 51108 | Zot:1    | Identified the +1 chain mail of Joy {Str+3}
 51363 | Zot:1    | Noticed Parghit
 51406 | Zot:1    | Killed Parghit
 51406 | Zot:1    | Bound Parghit
 52130 | Zot:2    | Identified the ring "Noqitav" {Ice *Corrode rPois Str+9
                  | SInv}
 52130 | Zot:2    | Noticed Josephina
 52142 | Zot:2    | Killed Josephina
 52144 | Zot:2    | Reached skill level 5 in Translocations
 52306 | Zot:2    | Your ally Parghit died
 52875 | Zot:2    | Reached skill level 22 in Invocations
 53226 | Zot:2    | Reached XP level 25. HP: 144/199 MP: 25/38
 53460 | Zot:2    | Learned a level 1 spell: Apportation
 53970 | Zot:3    | Noticed an orb of fire
 53996 | Zot:3    | Gained mutation: You are clumsy. (Dex -2) [an orb of fire]
 54000 | Zot:3    | Gained mutation: Your health recovers twice as slowly from
                  | being drained. [an orb of fire]
 54006 | Zot:3    | Killed an orb of fire
 54117 | Zot:3    | Identified the -1 pair of boots of Musad {-Cast rPois rF+}
 54318 | Zot:3    | Reached skill level 23 in Invocations
 55040 | Zot:4    | Noticed a Killer Klown
 55040 | Zot:4    | Noticed a Killer Klown
 55040 | Zot:4    | Noticed a Killer Klown
 55044 | Zot:4    | Killed a Killer Klown
 55048 | Zot:4    | Killed a Killer Klown
 55049 | Zot:4    | Killed a Killer Klown
 55166 | Zot:4    | Noticed a Killer Klown
 55181 | Zot:4    | Killed a Killer Klown
 55269 | Zot:4    | Reached skill level 24 in Invocations
 55739 | Zot:4    | Reached skill level 25 in Invocations
 55869 | Zot:4    | Noticed a Killer Klown
 55897 | Zot:4    | Noticed a Killer Klown
 55908 | Zot:4    | Killed a Killer Klown
 55920 | Zot:4    | Killed a Killer Klown
 55931 | Zot:4    | Reached skill level 26 in Invocations
 55947 | Zot:4    | Gained mutation: A meltable icy envelope protects you from
                  | harm. (AC +8) [demonic ancestry]
 55947 | Zot:4    | Reached XP level 26. HP: 163/211 MP: 5/40
 55973 | Zot:4    | Gained mutation: You have hidden genetic defects.
                  | [mutagenic glow]
 55974 | Zot:4    | Lost mutation: You have hidden genetic defects. [potion of
                  | mutation]
 55974 | Zot:4    | Lost mutation: Your health recovers twice as slowly from
                  | being drained. [potion of mutation]
 55974 | Zot:4    | Lost mutation: You are clumsy. (Dex -2) [potion of
                  | mutation]
 55974 | Zot:4    | Gained mutation: You have a pair of small horns on your
                  | head. [potion of mutation]
 55974 | Zot:4    | Gained mutation: You are clumsy. (Dex -2) [potion of
                  | mutation]
 55975 | Zot:4    | Lost mutation: You have a pair of small horns on your head.
                  | [potion of mutation]
 55975 | Zot:4    | Lost mutation: You are clumsy. (Dex -2) [potion of
                  | mutation]
 55975 | Zot:4    | Gained mutation: You are dopey. (Int -2) [potion of
                  | mutation]
 55975 | Zot:4    | Gained mutation: You are resistant to electric shocks.
                  | (rElec) [potion of mutation]
 56841 | Depths:2 | Bought a scroll of enchant armour for 240 gold pieces
 56841 | Depths:2 | Bought a wand of roots (4) for 307 gold pieces
 56841 | Depths:2 | Bought a potion of haste for 320 gold pieces
 57512 | Zot:5    | Entered Level 5 of the Realm of Zot
 57739 | Zot:5    | Reached skill level 27 in Invocations
 58342 | Zot:5    | Noticed a dread lich
 58362 | Zot:5    | Killed a dread lich
 58490 | Zot:5    | Noticed an orb of fire
 58520 | Zot:5    | Gained mutation: You have sharp toenails. [an orb of fire]
 58521 | Zot:5    | Gained mutation: Your body sometimes deteriorates upon
                  | taking damage. [an orb of fire]
 58523 | Zot:5    | Killed an orb of fire
 58564 | Zot:5    | Noticed an orb of fire
 58566 | Zot:5    | Gained mutation: Potions are less effective at restoring
                  | your health. [an orb of fire]
 58569 | Zot:5    | Gained mutation: You do not regenerate when monsters are
                  | visible. [an orb of fire]
 58578 | Zot:5    | Killed an orb of fire
 58604 | Zot:5    | Lost mutation: Your body sometimes deteriorates upon taking
                  | damage. [potion of mutation]
 58604 | Zot:5    | Lost mutation: You do not regenerate when monsters are
                  | visible. [potion of mutation]
 58604 | Zot:5    | Gained mutation: You have razor-sharp toenails. [potion of
                  | mutation]
 58604 | Zot:5    | Gained mutation: Your spells are a little harder to cast,
                  | but a little more powerful. [potion of mutation]
 58604 | Zot:5    | Gained mutation: Your skin changes colour to match your
                  | surroundings (Stealth+). [potion of mutation]
 58604 | Zot:5    | Gained mutation: You are agile. (Dex +4, Str/Int -1)
                  | [potion of mutation]
 58807 | Zot:5    | Noticed a dread lich
 58825 | Zot:5    | Killed a dread lich
 58826 | Zot:5    | Reached skill level 5 in Earth Magic
 59215 | Zot:5    | Reached skill level 5 in Stealth
 59443 | Zot:5    | Noticed an orb of fire
 59460 | Zot:5    | Noticed an ancient lich
 59466 | Zot:5    | Killed an orb of fire
 59476 | Zot:5    | Killed an ancient lich
 59797 | Zot:5    | Noticed an ancient lich
 59806 | Zot:5    | Killed an ancient lich
 59959 | Zot:5    | Reached skill level 15 in Evocations
 59996 | Zot:5    | Got the Orb of Zot
 60392 | D:10     | Noticed Nejaakyps the pandemonium lord
 60584 | D:$      | Escaped with the Orb!

Illustrated notes

Levels and vault maps discovered:
D:1:      dpeg_arrival_radiant, layout_basic,
          shapermc_ecumenical_altar_mp_highgroup
D:2:      layout_basic, serial_shops, shop, nicolae_shop_overgrown_old_shop
D:3:      layout_basic, nicolae_yredelemnul_corpse_copse, lemuel_round_altar,
          mainiacjoe_overflow_two_lobes
D:4:      layout_basic, mainiacjoe_overflow_tiny_flanked,
          makhleb_blood_cavern_becter, serial_shops,
          nicolae_shop_tiny_real_fake_doors
D:5:      layout_rooms, lightli_temple_of_fire
D:6:      layout_basic, hellmonk_sif_muna_bookshelves,
          nicolae_ashenzari_panopticon, minmay_temple_entry_grid,
          corexii_leaking_fountain, bh_walls_and_bars
D:7:      minmay_clustersquares, layout_rooms, mainiacjoe_overflow_alcove_1,
          mainiacjoe_overflow_brackets, serial_shops,
          nicolae_shop_tiny_real_fake_doors, minivault_10,
          amcnicky_mini_rare_corridor_liquid
D:8:      layout_layer_cave, fedhas_altar_4, nicolae_transmutations_shop
D:9:      gammafunk_steamed_eel, layout_irregular_city,
          nicolae_wu_jian_immortal_techniques, serial_shops, shop,
          grunt_ministairs_15
D:10:     layout_big_octagon, marbit_many_paths, kennysheep_mini,
          old_standard_altar, david_lair_shrubbed, serial_glass,
          glass_columns_a, glass_columns_a
D:11:     layout_cave_pods, david_orc_5, chequers_big_river
D:12:     layout_roguey
D:13:     layout_roguey, grunt_vaults_entry_fortified,
          gammafunk_ghost_necromancy, nicolae_elyvilon_temple_path, uniq_kirke
D:14:     layout_loops_ring, serial_shops, nicolae_shop_tiny_glass,
          nicolae_gozag_cash_rules_everything_around_me,
          nemelex_diamond_rough_becter
D:15:     hangedman_depths_entry_civil_slaughter, layout_gridville,
          serial_library_regret_index_multi, uniq_jorgrun
Lair:1:   layout_cave_shapes
Lair:2:   layout_chaotic_city, dummy_spider_entry, portal_ice_cave_entry_imps,
          chequers_serial_rivers_small_3
Lair:3:   layout_big_grid, mainiacjoe_swamp_entry_angry_trees,
          dreamdust_wasp_nest
Lair:4:   layout_regular_city, gauntlet_entry_generic,
          amcnicky_mini_pool_medium, grunt_megastairs_3, serial_bayou_shore_b
Lair:5:   hellmonk_lair_end_abyssal_woods, layout_regular_city, slime_entry_1
Swamp:1:  layout_basic_swamp, evilmike_swamp_ruin_rubble_2,
          infiniplex_staircase_pool, uniq_nikola, uniq_aizul
Swamp:2:  layout_basic_swamp, gammafunk_ghost_mausoleum,
          hangedman_swamp_ruin_wall
Swamp:3:  layout_basic_swamp, serial_swamp_ruin, evilmike_swamp_ruin_house_3,
          evilmike_swamp_ruin_house_5, swamp_pool_1_2,
          nicolae_swamp_reclaimed_castle, hangedman_swamp_phenomena,
          infiniplex_staircase_pool_2
Swamp:4:  swamp_old_school, layout_basic_swamp
Spider:1: layout_spider_delve, drop_trap, nicolae_spider_acid_house
Spider:2: layout_spider_delve
Spider:3: layout_spider_delve
Spider:4: grunt_spider_rune_circles, guppyfry_spider_mini_3
Orc:1:    layout_caves
Orc:2:    st_orc_rangers, layout_caves, serial_shops, shop
Elf:1:    nicolae_elf_arrival_no_cutting_in_line, layout_geoelf_octagon,
          hangedman_elf_disciples
Elf:2:    elven_hall_of_blades_hangedman_original [grunt_blade_entry_basic],
          layout_geoelf_grid, serial_shops, nicolae_shop_rolled_up,
          ebering_ghost_xom, david_greed
Elf:3:    minmay_elf_hall_not_hex, layout_gridlike, serial_shops,
          nicolae_diamond_shop, dreamdust_wishing_well
Vaults:1: portal_desolation_entry_ruin, nicolae_vaults_puzzle_piece,
          ontoclasm_vaults_idyll, nicolae_vaults_tangram_2, st_cells,
          ontoclasm_vaults_loading_screen, nicolae_vaults_tetromino_L_1,
          grunt_vaults_trifunnel, nicolae_vaults_swerve,
          ontoclasm_vaults_decontamination, minmay_orc_keep,
          nicolae_vaults_wine_cellar, layout_vaults_ring, serial_shops,
          nicolae_diamond_shop
Vaults:2: ebering_ghost_xom, nicolae_vaults_oval_intersection, v_rooms_1,
          grunt_vaults_hallway_long, vaults_mumra_hex,
          ontoclasm_vaults_ring_large, vaults_standard_mumra_x,
          vaults_mumra_chevron_long, vaults_room_door_ring,
          nicolae_vaults_stand_back, v_pattern_1,
          nicolae_vaults_offset_grid_hallway_2, v_misc_22,
          ontoclasm_vaults_idyll, nicolae_vaults_trapezoid_lopsided_3,
          layout_vaults_omnibox, serial_shops, nicolae_shop_just_a_little_nook,
          shop_statue
Vaults:3: nicolae_vaults_back_hallway, v_misc_3, ontoclasm_vaults_ring_square,
          minmay_crypt_entry_simple_round, v_misc_25, nicolae_vaults_turnstiles,
          nicolae_vaults_trapezoid_lopsided_1, hangedman_vaults_snaps,
          nicolae_vaults_apartment_1, layout_vaults_omnigrid
Vaults:4: ebering_ghost_rock_garden, gargoyle_guard, v_misc_1,
          grunt_vaults_swirl, nicolae_vaults_tetromino_Z_1,
          hangedman_vaults_unwind, nicolae_vaults_prndl,
          nicolae_vaults_doubleplus_tesselated,
          hangedman_vaults_stretched_pinwheel, hangedman_vaults_capsules,
          vaults_standard_mumra_lines, layout_vaults_maze_bifur, serial_shops,
          nicolae_shop_rolled_up, uniq_donald
Depths:1: layout_honeycomb, abyss_entry_crystal, hell_entry,
          trog_three_pillars_becter
Depths:2: regret_index_reflect_refract, layout_cave_pools,
          rand_demon_pan_entry_4, serial_shops, nicolae_shop_rolling_square,
          abyss_entry, hell_entry, minmay_crystal_room, infiniplex_staircase_x,
          uniq_boris
Depths:3: hangedman_hanging_gardens, layout_basic, rand_demon_pan_entry_1,
          abyss_entry_small_statue_room, hell_entry, minmay_misc_feat_diagonals,
          uniq_sojobo
Depths:4: lemuel_castle_with_subvaults [lemuel_castle_interior_original],
          layout_honeycomb, enter_ziggurat_c, serial_shops, shop,
          pf_hell_entry_tar_spiral, minmay_misc_feat_rows, patterned_corridor
Zot:1:    layout_concentric_octagons, grunt_megastairs_1, uniq_parghit
Zot:2:    layout_misc_corridors, hangedman_snake_sidewinding, uniq_josephina
Zot:3:    layout_gridlike, zot_minivault_2
Zot:4:    cheibrodos_zot_enchanting_chambers, layout_gridlike,
          regret_index_zotdec_dark_gr, st_stairs_4, regret_index_zotdec_zees,
          drop_trap
Zot:5:    layout_twisted_circle

Skill      XL: |  1  2  3  4  5  6  7  8  9 10 11 12 13 14 15 16 17 18 19 20 21 22 23 24 25 26 |
---------------+-------------------------------------------------------------------------------+-----
Unarmed Combat | 3 4 5 7 9 10 11 12 13 14 15 16 17 18 20 | 20.5
Stealth        | 1 2 3 7 |  7.0
Throwing       | 1 3 6 7 9 12 15 16 | 16.0
Fighting       | 3 4 6 8 9 10 12 13 14 15 16 18 | 18.9
Invocations    | 2 4 6 7 10 11 14 15 17 18 19 21 22 26 27 | 27.0
Evocations     | 1 3 8 10 11 13 14 15 | 15.0
Armour         | 2 5 7 9 11 | 11.0
Necromancy     | 1 5 8 9 10 11 | 11.0
Dodging        | 2 8 10 11 12 15 16 | 16.7
Shields        | 1 5 8 10 12 14 15 | 15.2
Earth Magic    | 4 6 |  6.8
Translocations | 5 |  5.0
Shapeshifting  | |  2.6

Action                     |  1- 3 |  4- 6 |  7- 9 | 10-12 | 13-15 | 16-18 | 19-21 | 22-24 | 25-27 || total
---------------------------+-------+-------+-------+-------+-------+-------+-------+-------+-------++-------
  Melee: Unarmed           |    86 |   141 |   163 |   348 |   632 |  1034 |  1582 |  1707 |  1032 ||  6725
         Punch             |       |     6 |     6 |    19 |    61 |   125 |    53 |       |       ||   270
  Throw: Dart              |     2 |       |     1 |     6 |     1 |     1 |       |       |       ||    11
         Javelin           |       |     5 |     1 |       |       |     1 |     5 |     4 |    43 ||    59
         Boomerang         |       |     5 |     2 |    11 |     6 |       |     1 |     1 |     9 ||    35
         Throwing net      |       |       |       |       |       |     1 |     1 |       |       ||     2
   Cast: Fugue of the Fall |       |       |       |       |     6 |    23 |    53 |    30 |    19 ||   131
 Invoke: Light the Black T |       |     3 |     4 |     5 |    10 |    10 |     6 |     6 |     3 ||    47
         Hurl Torchlight   |       |       |     1 |     2 |    11 |    13 |     7 |    14 |     8 ||    56
         Recall Undead Har |       |       |       |     2 |    10 |    12 |    12 |     4 |     5 ||    45
         Bind Soul         |       |       |       |       |     1 |    11 |     3 |     8 |       ||    23
         Fathomless Shackl |       |       |       |       |       |     1 |     1 |     1 |       ||     3
  Evoke: Wand              |       |       |     1 |     3 |     2 |     7 |     6 |     8 |    17 ||    44
         Phial of floods   |       |       |       |       |     1 |     1 |       |       |       ||     2
         Box of beasts     |       |       |       |       |       |     3 |       |     1 |     1 ||     5
         Phantom mirror    |       |       |       |       |       |     1 |       |       |       ||     1
         Lightning rod     |       |       |       |       |       |     6 |       |       |       ||     6
         Condenser vane    |       |       |       |       |       |       |     2 |     4 |     2 ||     8
    Use: Scroll            |       |       |    10 |     4 |     6 |     9 |     4 |     2 |     7 ||    42
         Potion            |       |       |       |     2 |       |     4 |     6 |     7 |    15 ||    34
   Stab: Sleeping          |     3 |     2 |     2 |       |     7 |    12 |    17 |    22 |     3 ||    68
         Distracted        |       |     1 |     1 |     7 |    10 |    25 |    21 |    60 |    26 ||   151
         Invisible         |       |       |       |     1 |       |       |       |       |     2 ||     3
         Held in net/web   |       |       |       |       |       |     2 |     1 |       |       ||     3
 Armour: Animal skin       |    46 |    67 |    34 |       |       |       |       |       |       ||   147
         Ice dragon scales |       |       |    55 |   264 |   253 |   288 |   142 |       |       ||  1002
         Troll leather arm |       |       |       |       |   222 |   575 |   579 |   639 |   419 ||  2434
  Dodge: Dodged            |    41 |    63 |    78 |   157 |   328 |  1003 |   799 |  1040 |   593 ||  4102
  Block: Other             |     7 |    23 |    31 |    99 |   196 |   348 |    96 |       |       ||   800
         Kite shield       |       |       |       |       |       |       |  1185 |  1239 |       ||  2424
         Buckler           |       |       |       |       |       |       |       |   292 |   690 ||   982
         Form:             |     1 |       |       |       |       |       |     1 |       |       ||     2
         Statue            |       |       |       |       |       |       |     1 |       |       ||     1

Table legend: (Time is in decaauts)
 A = Elapsed time spent in this place.
 B = Non-inter-level travel time spent in this place.
 C = Inter-level travel time spent in this place.
 D = Time resting spent in this place.
 E = Time spent auto-exploring this place.
 F = Levels seen in this place.
 G = Mean time per level.
                   A        B        C        D        E       F      G
               +--------+--------+--------+--------+--------+-----+--------+
         Total |  59193 |  53591 |   5602 |   4555 |  34497 |  53 | 1116.8 |
       Dungeon |  15655 |  13502 |   2153 |    885 |   9755 |  15 | 1043.7 |
          Lair |   5906 |   4991 |    915 |    280 |   3381 |   5 | 1181.2 |
         Swamp |   3680 |   3468 |    212 |    182 |   2485 |   4 |  920.0 |
   Spider Nest |   3908 |   3708 |    200 |    126 |   2604 |   4 |  977.0 |
  Orcish Mines |   1179 |    985 |    194 |      0 |    769 |   2 |  589.5 |
   Elven Halls |   4090 |   3771 |    319 |    404 |   2050 |   3 | 1363.3 |
        Vaults |   7282 |   6598 |    684 |    590 |   4379 |   4 | 1820.5 |
        Depths |   5454 |   5044 |    410 |     88 |   3740 |   4 | 1363.5 |
           Zot |   7863 |   7351 |    512 |   1255 |   3932 |   5 | 1572.6 |
         Abyss |    997 |    997 |      0 |     57 |    177 |   4 |  249.2 |
      Ice Cave |    655 |    655 |      0 |      0 |    449 |   1 |  655.0 |
    Desolation |   2051 |   2051 |      0 |    687 |    562 |   1 | 2051.0 |
      Gauntlet |    467 |    467 |      0 |      0 |    211 |   1 |  467.0 |
               +--------+--------+--------+--------+--------+-----+--------+

Top non-repeatable levels by time:
   Zot:5: 2411 daAuts
Vaults:4: 2355 daAuts
Desolation: 2051 daAuts
Depths:4: 2022 daAuts
   Elf:3: 1806 daAuts
Vaults:1: 1752 daAuts
Vaults:2: 1680 daAuts
    D:13: 1634 daAuts
   Zot:4: 1621 daAuts
   Zot:2: 1527 daAuts
   Elf:2: 1511 daAuts
Vaults:3: 1493 daAuts
    D:11: 1457 daAuts
  Lair:1: 1427 daAuts
  Lair:5: 1420 daAuts
